Map: 2000 Atmospheres LE

Players

Simple

  • Race: Zerg Zerg

ViBE - Winner!

  • Race: Zerg Zerg
  • League: Master

VOD

Have the link to the VOD?

Description

Time

  • Played on: July 21, 2021, 5:55 p.m.
  • Length: 9:55
Show
View Real Time Build Order
Export as new Build Order

Simple Zerg 

Build Orders: Hatch First 

Get SALT Encoding   

  12  0:02  Drone  
  13  0:13  Overlord  
  13  0:16  Drone  
  14  0:31  Drone x2  
  16  0:51  Hatchery  
  16  0:53  Drone  
  16  0:56  Drone  
  17  1:03  Drone  
  18  1:16  Spawning Pool  
  17  1:20  Extractor  
  17  1:21  Drone x2  
  18  1:33  Drone  
  19  1:49  Drone  
  19  1:53  Overlord  
  20  2:01  Drone  
  20  2:05  Queen  
  20  2:06  Queen  
  26  2:08  Drone  
  26  2:12  Drone  
  27  2:27  Drone  
  28  2:30  Drone  
  28  2:31  Hatchery  
  28  2:33  Drone  
  29  2:38  Overlord  
  29  2:46  Queen  
  31  2:54  Lair  
  31  2:56  Drone  
  32  2:59  Drone  
  32  3:01  Drone  
  34  3:10  Roach Warren  
  33  3:15  Drone  
  33  3:16  Evolution Chamber  
  33  3:19  Overlord  
  33  3:22  Drone  
  33  3:25  Drone  
  35  3:30  Drone x2  
  35  3:31  Drone  
  35  3:34  Drone  
  39  3:35  Drone  
  40  3:44  Drone x2  
  40  3:45  Extractor, Drone  
  40  3:46  Extractor  
  42  3:48  Drone x2  
  42  3:51  Drone  
  44  3:56  Drone  
  44  3:57  Drone x2  
  47  4:03  Drone x3  
  47  4:05  Drone  
  47  4:08  Glial Reconstitution  
  51  4:11  Roach  
  53  4:17  Overlord  
  53  4:20  Overlord  
  53  4:21  Overlord  
  53  4:24  Zerg Missile Weapons Level 1  
  53  4:29  Overlord  
  53  4:38  Extractor  
  53  4:39  Extractor, Drone x3  
  53  4:40  Drone x4  
  58  4:46  Drone x4  
  62  4:55  Drone x3  
  62  4:56  Drone  
  66  5:02  Queen  
  66  5:03  Hydralisk Den  
  66  5:04  Evolution Chamber  
  66  5:06  Drone  
  66  5:07  Drone x2  
  68  5:08  Drone  
  68  5:09  Drone  
  68  5:11  Roach  
  68  5:14  Roach  
  75  5:16  Roach  
  75  5:17  Roach  
  75  5:19  Roach  
  81  5:24  Overlord x2  
  81  5:32  Overlord  
  81  5:33  Overlord x3  
  81  5:42  Roach x3  
  89  5:43  Roach x3  
  89  5:46  Grooved Spines  
  93  5:52  Drone  
  93  5:53  Drone x4  
  93  5:57  Zerg Ground Armor Level 1  
  98  6:00  Drone  
  99  6:07  Overlord x2  
  99  6:08  Drone  
  99  6:09  Drone x5  
  105  6:14  Extractor  
  104  6:20  Drone  
  104  6:21  Drone x5  
  110  6:26  Overlord x2  
  110  6:30  Overlord x2  
  110  6:31  Hatchery  
  109  6:40  Hydralisk x2  
  109  6:41  Hydralisk x3  
  109  6:43  Hydralisk  
  121  6:52  Hydralisk x4  
  129  6:58  Drone x4  
  133  7:03  Drone  
  134  7:09  Zerg Missile Weapons Level 2, Overlord x2  
  134  7:11  Hydralisk x2  
  134  7:13  Drone x2  
  140  7:24  Extractor  
  140  7:25  Overlord x2  
  140  7:26  Drone  
  140  7:27  Drone x4  
  144  7:32  Hydralisk x2  
  144  7:33  Hydralisk  
  144  7:34  Extractor  
  144  7:36  Drone  
  150  7:45  Drone x2  
  150  7:46  Drone x2  
  154  8:04  Hydralisk  
  154  8:05  Hydralisk x11  
  168  8:10  Hydralisk  
  180  8:17  Hatchery  
  180  8:19  Extractor  
  178  8:21  Extractor  
  178  8:23  Overseer  
  178  8:24  Overseer, Hydralisk  
  178  8:25  Hydralisk x6  
  191  8:35  Hydralisk x4  
  199  8:41  Roach  
  199  8:42  Roach x2  
  199  8:44  Roach x3  
  170  8:54  Hydralisk  
  170  8:55  Hydralisk x7  
  120  9:04  Hydralisk x2  
  120  9:07  Hydralisk  
  117  9:14  Hydralisk x3  
  123  9:19  Hydralisk x4  
  115  9:26  Infestation Pit, Lurker Den  
  115  9:27  Hydralisk x2  
  115  9:28  Hydralisk x3  
  97  9:35  Roach x3  
Show
View Real Time Build Order
Export as new Build Order

ViBE Zerg - Winner!

Build Orders: Hatch First, Roach Hydra 

Get SALT Encoding   

  12  0:00  Drone  
  13  0:13  Overlord  
  13  0:17  Drone  
  14  0:31  Drone x2  
  16  0:49  Hatchery  
  15  0:52  Drone  
  15  0:54  Drone  
  17  1:00  Drone  
  18  1:12  Spawning Pool  
  18  1:14  Drone  
  18  1:18  Drone  
  19  1:28  Drone  
  19  1:32  Extractor  
  19  1:40  Drone  
  20  2:01  Queen  
  20  2:02  Queen  
  20  2:03  Drone x3  
  27  2:15  Overlord  
  27  2:18  Drone  
  28  2:29  Overlord  
  28  2:34  Drone x3  
  31  2:37  Lair  
  31  2:38  Queen  
  33  2:45  Overlord  
  33  2:48  Drone  
  34  3:00  Drone x2  
  36  3:07  Drone  
  36  3:08  Drone  
  36  3:10  Drone x2  
  36  3:11  Drone x4  
  44  3:15  Roach Warren  
  43  3:21  Evolution Chamber  
  43  3:22  Drone  
  43  3:23  Extractor x2, Drone  
  42  3:31  Overlord  
  42  3:33  Drone  
  43  3:42  Drone  
  43  3:43  Drone x4  
  43  3:47  Overlord x2  
  48  3:49  Zerg Missile Weapons Level 1  
  48  3:56  Hatchery  
  48  3:59  Roach x2  
  51  4:05  Glial Reconstitution  
  51  4:07  Overlord  
  51  4:15  Overlord  
  51  4:16  Roach  
  51  4:17  Roach  
  55  4:18  Roach  
  55  4:20  Roach  
  59  4:28  Overlord  
  59  4:35  Drone x5  
  64  4:42  Drone  
  65  4:46  Drone  
  66  4:54  Queen  
  66  4:57  Drone  
  66  4:58  Drone  
  70  5:04  Drone x4  
  70  5:05  Evolution Chamber, Hydralisk Den, Drone x2  
  74  5:13  Drone  
  74  5:14  Drone  
  76  5:19  Drone x2  
  76  5:20  Extractor  
  77  5:25  Drone  
  77  5:26  Extractor, Drone  
  77  5:27  Extractor  
  77  5:31  Drone x2  
  77  5:32  Zerg Ground Armor Level 1  
  77  5:34  Drone x6  
  85  5:37  Grooved Spines  
  85  5:43  Drone x2  
  85  5:44  Drone  
  85  5:46  Hatchery  
  85  5:47  Roach x2  
  91  6:03  Roach x7  
  105  6:04  Overlord x2  
  105  6:11  Overlord  
  105  6:13  Overlord  
  105  6:15  Overlord  
  105  6:18  Zerg Missile Weapons Level 2  
  105  6:24  Infestation Pit  
  105  6:25  Hydralisk x5  
  114  6:40  Overseer  
  114  6:43  Hydralisk x4  
  114  6:45  Drone x8  
  130  6:48  Muscular Augments  
  130  6:59  Drone  
  130  7:00  Drone x6  
  137  7:03  Drone  
  137  7:05  Hive  
  137  7:08  Overlord  
  138  7:09  Overlord  
  138  7:14  Hydralisk x6  
  138  7:15  Hydralisk  
  152  7:16  Overseer  
  152  7:23  Overlord x3  
  152  7:32  Extractor, Hydralisk x4  
  152  7:34  Extractor  
  152  7:35  Zerg Ground Armor Level 2  
  158  7:40  Drone x2  
  158  7:41  Overlord  
  158  7:42  Overlord x2  
  158  7:43  Drone x2  
  158  7:44  Drone x2  
  164  7:51  Drone  
  165  7:54  Hydralisk x5  
  175  7:59  Roach x4  
  175  8:00  Roach  
  175  8:03  Roach  
  175  8:04  Roach x2  
  175  8:05  Roach  
  193  8:08  Lurker Den  
  193  8:10  Drone  
  193  8:12  Roach  
  199  8:13  Roach x2  
  199  8:24  Hatchery  
  199  8:25  Roach  
  198  8:45  Hydralisk x9  
  182  8:56  Roach x8  
  182  8:57  Roach  
  190  9:27  Hydralisk x8  
  194  9:47  Hatchery  
Tags
 
Add a new tag
Caveats
  • Supply blocks, unpowered buildings, or Contaminate may cause inaccurate times.
  • Supply counts are checked every 10 seconds.